 Dungeon Crawl Stone Soup version 0.30.0 (webtiles) character file.

Game seed: 15004330292096993026

87166 SnakkuSnakku7 the Bludgeoner (level 15, 0/132 HPs)
             Began as a White Draconian Cinder Acolyte on May 6, 2023.
             Was a High Priest of Ignis.
             Slain by a vault guard
             ... wielding a +1 war axe
              (12 damage)
             ... on level 14 of the Dungeon.
             The game lasted 00:48:06 (29341 turns).

SnakkuSnakku7 the Bludgeoner (DrCA)                Turns: 29341, Time: 00:48:07

Health: 0/132      AC: 19    Str: 24    XL:     15   Next: 42%
Magic:  0/24       EV: 14    Int: 20    God:    Ignis [*****.]
Gold:   2083       SH: 10    Dex: 10    Spells: 26/26 levels left

rFire   + + .        a - +5 morningstar "Ibuicvan" {heavy, Will+}
rCold   + + .        O - +0 kite shield
rNeg    + . .        (body armour unavailable)
rPois   .            P - +2 hat {Int+3}
rElec   .            D - +2 cloak
rCorr   .            u - +1 pair of gloves
SInv    .            e - +2 pair of boots
Will    ++...        A - amulet of guardian spirit
Stlth   ++           I - +6 ring of strength
HPRegen 0.42/turn    L - ring "Woukyod" {rF+ rC+ rN+}
MPRegen 0.19/turn

%: guardian spirit
@: flying, hasted, very quick
A: breathe frost, AC +9, unfitting armour, cold resistance 1, cold-blooded, big
wings, camouflage 1
a: Breathe Frost, Renounce Religion, Fiery Armour, Foxfire Swarm, Rising Flame


You were on level 14 of the Dungeon.
You worshipped Ignis.
Ignis was extremely pleased with you.
You visited 3 branches of the dungeon, and saw 21 of its levels.
You also visited: Sewer, Bailey, Ice Cave and Volcano.

You collected 3726 gold pieces.
You spent 1643 gold pieces at shops.

Inventory:

Hand Weapons
 a - the +5 morningstar "Ibuicvan" (weapon) {heavy, Will+}
   (You found it on level 13 of the Dungeon)

   Will:      It increases your willpower.
 B - a +4 demon whip of venom
 S - a +1 eveningstar of flaming
Missiles
 j - 36 boomerangs
 l - 7 javelins (quivered)
 n - 2 throwing nets
 o - 8 curare-tipped darts
Armour
 e - a +2 pair of boots (worn)
 u - a +1 pair of gloves (worn)
 D - a +2 cloak (worn)
 O - a +0 kite shield (worn)
 P - a +2 hat of intelligence (worn)
Jewellery
 k - a ring of poison resistance
 A - an amulet of guardian spirit (around neck)
 C - a ring of resist corrosion
 I - a +6 ring of strength (left hand)
 L - the ring "Woukyod" (right hand) {rF+ rC+ rN+}
   (You bought it in a shop on level 2 of the Orcish Mines)

   [ring of positive energy]

   rF:        It protects you from fire.
   rC:        It protects you from cold.
   rN:        It protects you from negative energy.
 N - the ring of the Rose {rN+ SInv}
   (You took it off an orc on level 1 of the Orcish Mines)

   [ring of see invisible]

   rN:        It protects you from negative energy.
   SInv:      It lets you see invisible.
Wands
 c - a wand of charming (12)
 p - a wand of acid (1)
 w - a wand of mindburst (10)
 x - a wand of digging (10)
 y - a wand of flame (15)
 E - a wand of iceblast (21)
Scrolls
 b - 3 scrolls of immolation
 g - 6 scrolls of vulnerability
 h - 4 scrolls of magic mapping
 r - 9 scrolls of identify
 t - 2 scrolls of enchant armour
 G - 2 scrolls of fog
 J - 2 scrolls of poison
 K - 7 scrolls of teleportation
Potions
 d - 3 potions of invisibility
 f - 8 potions of might
 i - 5 potions of brilliance
 m - 26 potions of curing
 q - 3 potions of cancellation
 s - 2 potions of berserk rage
 v - 2 potions of magic
 z - 5 potions of haste
 F - 2 potions of mutation
 H - 6 potions of flight
 Q - a potion of attraction
 R - 2 potions of ambrosia
Miscellaneous
 M - a tin of tremorstones (inert)


   Skills:
 - Level 12.0 Fighting
 - Level 16.0 Maces & Flails
 - Level 10.2 Throwing
 - Level 10.0 Dodging
 - Level 9.5 Shields
 - Level 6.0 Spellcasting
 - Level 2.4 Fire Magic
 + Level 8.7 Evocations


You had 26 spell levels left.
You didn't know any spells.
Your spell library contained the following spells:

 Spells                   Type           Power      Damage    Failure   Level
 Scorch                   Fire           30%        2d6       11%         2
 Magic Dart               Conj           24%        1d4       19%         1
 Sandblast                Erth           12%        2d6       19%         1
 Sting                    Tmut/Pois      24%        1d4       19%         1
 Cigotuvi's Dreadful Rot  Necr/Pois/Air  12%        N/A       26%         2
 Passwall                 Tmut/Erth      5%         N/A       26%         2
 Poisonous Vapours        Pois/Air       12%        N/A       26%         2
 Searing Ray              Conj           12%        2d4       26%         2
 Inner Flame              Hex/Fire       10%        N/A       32%         3
 Volatile Blastmotes      Fire/Tloc      20%        2d11      32%         3
 Ignite Poison            Fire/Tmut/Pois 9%         N/A       36%         3
 Frozen Ramparts          Ice            12%        1d2       47%         3
 Hailstorm                Conj/Ice       6%         3d4       47%         3
 Mephitic Cloud           Conj/Pois/Air  6%         N/A       47%         3
 Portal Projectile        Hex/Tloc       12%        N/A       47%         3
 Stone Arrow              Conj/Erth      12%        3d7       47%         3
 Tukima's Dance           Hex            6%         N/A       47%         3
 Fulminant Prism          Conj/Hex       3%         3d5       87%         4
 Ice Form                 Ice/Tmut       6%         N/A       87%         4
 Iskenderun's Mystic Bla  Conj/Tloc      6%         2d4       87%         4
 Olgreb's Toxic Radiance  Pois           6%         N/A       87%         4
 Summon Ice Beast         Ice/Summ       6%         N/A       87%         4
 Blade Hands              Tmut           3%         N/A       99%         5
 Freezing Cloud           Conj/Ice/Air   3%         6-21      99%         5
 Lee's Rapid Deconstruct  Erth           3%         3d5*      99%         5
 Yara's Violent Unravell  Hex/Tmut       3%         3d4       99%         5
 Simulacrum               Ice/Necr       3%         N/A       100%        6
 Enfeeble                 Hex            3%         N/A       100%        7


Dungeon Overview and Level Annotations

Branches:
Dungeon (14/15)            Temple (0/1) D:5            Lair (5/5) D:10
  Swamp (0/4) Lair:3        Snake (0/4) Lair:2        Slime (0/5) Lair:5
    Orc (2/2) D:11            Elf (0/3) Orc:2        Vaults (0/5) D:14
  Sewer (visited)          Bailey (visited)           IceCv (visited)
Volcano (visited)

Altars:
Ashenzari
Cheibriados
Hepliaklqana
Kikubaaqudgha
Makhleb
Ru
Trog
Uskayaw
Xom
Yredelemnul
Zin
Jiyva

Shops:
D:8 !   D:12 (   Orc:1 =   Orc:2 *![*

Annotations:
Lair:4 1 runed translucent door, esper6's ghost, journeyman AtDe


Innate Abilities, Weirdness & Mutations

You can breathe waves of freezing cold which knock back foes.
Your icy white scales are hard. (AC +9)
You cannot fit into any form of body armour.
Your flesh is cold resistant. (rC+)
You are cold-blooded and may be slowed by cold attacks.
Your large and strong wings let you fly.
Your skin changes colour to match your surroundings (Stealth+).


Message History

You sock the vault guard!
The vault guard is moderately wounded.
The vault guard hits you but does no damage.
You bludgeon the vault guard!!
The vault guard is severely wounded.
You perforate the vault guard like a sieve!!!
The vault guard is severely wounded.
The vault guard closely misses you. You block the vault guard's attack.
Unknown command.
You closely miss the vault guard.
The vault guard is severely wounded.
The vault guard hits you with a +1 war axe!
You block the vault guard's attack.
You hit the vault guard but do no damage.
The vault guard is severely wounded.
The vault guard hits you with a +1 war axe!
The vault guard blocks your attack.
You tail-slap the vault guard, but do no damage.
The vault guard is severely wounded.
The vault guard completely misses you. The vault guard barely misses you.
The vault guard misses you.
The vault guard hits you with a +1 war axe.
* * * LOW HITPOINT WARNING * * *
The vault guard barely misses you. You block the vault guard's attack.
You hit the vault guard.
The vault guard is severely wounded.
The vault guard hits you with a +1 great sword of flaming!!
* * * LOW HITPOINT WARNING * * *
The vault guard burns you.
* * * LOW HITPOINT WARNING * * *
The vault guard hits you with a +1 war axe.
* * * LOW HITPOINT WARNING * * *
The vault guard hits you but does no damage.
Okay, then.
Okay, then.
You feel yourself speed up.
The vault guard hits you with a +1 great sword of flaming.
* * * LOW HITPOINT WARNING * * *
The vault guard hits you with a +1 war axe!
You die...

##.....##
#.#...#.#
#.......# ...∩...
#. # ...†. # #..
#.#.†.#.# #...
#.ztp.# #..# ##p##
#..## ##p@p##
#...####.....##
#....##.......#
#................
#........######...
##....>..# ...
#.......# ..
....... #.......#
#...... #.......#
#......


You could see 4 vault guards, a skeletal warrior and a fire crab.

Vanquished Creatures
  An orc warlord (D:11)
  Azrael (D:14)
  An ettin (Orc:1)
  2 fire dragons
  The ghost of Mangosteen the Severer, a journeyman MiBe of Trog (D:11)
  2 hydras
  Harold (D:9)
  5 catoblepae
  5 centaur warriors
  The ghost of kernmantle the Covert, a journeyman OpWn of Vehumet (Orc:1)
  7 two-headed ogres
  2 tengu warriors
  7 death yaks (Lair:5)
  5 orc high priests (Orc:2)
  Urug (D:12)
  A skyshark (Lair:3)
  Amaemon (D:8)
  4 lindwurms (Volcano)
  2 bog bodies (IceCv)
  Pikel (D:7)
  2 deep elf pyromancers
  4 ugly things
  12 orc knights
  4 manticores
  2 cyclopes
  2 orc sorcerers
  A will-o-the-wisp (Lair:3)
  A moth of wrath (D:11)
  18 elephants
  3 black mambas
  An ice statue (IceCv)
  A gargoyle (D:12)
  An orange demon (D:7)
  8 cane toads
  An efreet (D:13)
  2 unseen horrors
  An anaconda simulacrum (IceCv)
  4 rime drakes
  8 komodo dragons
  2 tengu conjurers
  A polar bear (Lair:5)
  4 trolls
  A meliai (D:14)
  Prince Ribbit (D:6)
  11 dream sheep
  12 blink frogs
  A centaur simulacrum (D:14)
  A shadow (D:11)
  A spriggan (shapeshifter) (D:14)
  39 yaks
  2 fire elementals
  5 wyverns
  Eustachio (D:4)
  7 fire bats
  4 basilisks
  5 steam dragons
  Menkaure (D:4)
  A death yak simulacrum (IceCv)
  Edmund (D:6)
  3 wargs
  8 vampire mosquitoes
  2 harpy simulacra (IceCv)
  4 nagas (Lair:2)
  An acid dragon (D:9)
  7 water moccasins
  Duvessa (D:7)
  5 hell hounds
  48 orc warriors
  Pargi (D:4)
  2 ice beasts (D:5)
  2 black bears
  A sky beast (D:7)
  9 centaurs
  12 ogres
  2 kobold brigands (Sewer)
  2 gnoll sergeants
  11 bullfrogs
  4 two-headed ogre simulacra (IceCv)
  3 scorpions
  2 cane toad simulacra (IceCv)
  Dowan (D:7)
  7 killer bees (D:9)
  4 elephant simulacra (IceCv)
  15 howler monkeys
  3 electric eels (D:8)
  3 lava snakes
  5 hounds
  A jelly (D:8)
  Crazy Yiuf (D:6)
  40 orc priests
  A gnoll bouda (D:7)
  6 iguanas
  20 orc wizards
  A polar bear simulacrum (IceCv)
  5 troll simulacra (IceCv)
  5 spriggan simulacra (IceCv)
  4 wolf simulacra (IceCv)
  15 gnolls
  A river rat (Sewer)
  8 adders
  5 naga simulacra (IceCv)
  A shadow imp (D:6)
  7 white imps
  9 ufetubi
  2 worms
  2 dart slugs
  100 orcs
  6 endoplasms
  5 giant cockroaches (D:3)
  14 goblins
  11 hobgoblins
  2 jackals (Sewer)
  3 quokkas
  17 ball pythons
  3 bats
  10 frilled lizards
  18 kobolds
  7 rats
  2 fire vortices (D:8)
728 creatures vanquished.

Vanquished Creatures (others)
  An orc high priest (Orc:1)
  A wizard (D:14)
  A killer bee (D:9)
  A jelly (D:6)
  An orc wizard (D:12)
  An ufetubus (IceCv)
  2 orcs
  A fire vortex (D:8)
  6 foxfires (Lair:3)
  17 fungi
  52 plants
  4 toadstools (D:5)
88 creatures vanquished.

Grand Total: 816 creatures vanquished

Notes
Turn   | Place    | Note
-------+----------+-------------------------------------------
     0 | D:1      | SnakkuSnakku7 the Draconian Cinder Acolyte began the quest
                  | for the Orb.
     0 | D:1      | Reached XP level 1. HP: 19/19 MP: 2/2
   155 | D:1      | Reached XP level 2. HP: 26/26 MP: 3/3
   746 | D:2      | Reached XP level 3. HP: 9/33 MP: 4/4
  1201 | D:2      | Found a faded altar of an unknown god.
  1666 | D:3      | Found a hide-covered altar of Uskayaw.
  1731 | D:3      | Reached skill level 4 in Maces & Flails
  1745 | D:3      | Found a glowing drain.
  1750 | D:3      | Reached XP level 4. HP: 40/41 MP: 5/5
  1855 | Sewer    | Entered a sewer
  1913 | Sewer    | Reached skill level 5 in Fighting
  1937 | Sewer    | Noticed a kobold brigand
  1954 | Sewer    | Killed a kobold brigand
  1955 | Sewer    | Reached XP level 5. HP: 32/48 MP: 6/6
  2131 | Sewer    | Reached skill level 5 in Maces & Flails
  2286 | Sewer    | Reached XP level 6. HP: 48/57 MP: 7/7
  2719 | D:3      | Found an ancient bone altar of Kikubaaqudgha.
  2969 | D:4      | Noticed Pargi
  2989 | D:4      | Killed Pargi
  3135 | D:4      | Noticed Menkaure
  3146 | D:4      | Killed Menkaure
  3147 | D:4      | Reached skill level 6 in Maces & Flails
  3147 | D:4      | Your scales start taking on an icy white colour.
  3147 | D:4      | Reached XP level 7. HP: 22/64 MP: 8/8
  3147 | D:4      | Gained mutation: Your flesh is cold resistant. (rC+) [White
                  | Draconian growth]
  3348 | D:4      | Noticed Eustachio
  3370 | D:4      | Killed Eustachio
  3610 | D:4      | HP: 2/66 [black bear (2)]
  3614 | D:4      | Reached skill level 7 in Maces & Flails
  4084 | D:4      | Found a burning altar of Makhleb.
  4309 | D:5      | Entered Level 5 of the Dungeon
  4627 | D:5      | Reached skill level 8 in Maces & Flails
  4627 | D:5      | Reached XP level 8. HP: 73/73 MP: 9/9
  4841 | D:5      | Found a staircase to the Ecumenical Temple.
  5035 | D:5      | Reached skill level 9 in Maces & Flails
  5342 | D:6      | Noticed Prince Ribbit
  5364 | D:6      | Killed Prince Ribbit
  5365 | D:6      | Reached skill level 10 in Maces & Flails
  5563 | D:6      | Noticed Edmund
  5586 | D:6      | Killed Edmund
  5805 | D:6      | Reached XP level 9. HP: 75/79 MP: 8/10
  5814 | D:6      | Reached skill level 11 in Maces & Flails
  5877 | D:6      | Found a runed translucent door.
  5878 | D:6      | Noticed Crazy Yiuf
  5883 | D:6      | Killed Crazy Yiuf
  6317 | D:7      | Found a flagged portal.
  6380 | Bailey   | Entered a bailey
  6386 | Bailey   | Noticed an orc knight
  6683 | Bailey   | Killed an orc knight
  6684 | Bailey   | Reached skill level 12 in Maces & Flails
  7395 | D:7      | Reached skill level 1 in Throwing
  7500 | D:7      | Noticed Pikel
  7511 | D:7      | Killed Pikel
  7512 | D:7      | Reached skill level 13 in Maces & Flails
  7588 | D:7      | Noticed Dowan
  7605 | D:7      | Killed Dowan
  7613 | D:7      | Noticed Duvessa
  7633 | D:7      | Killed Duvessa
  7634 | D:7      | Reached XP level 10. HP: 35/86 MP: 4/11
  7803 | D:8      | Found a broken altar of Ashenzari.
  7832 | D:8      | Noticed a two-headed ogre
  7840 | D:8      | Killed a two-headed ogre
  8395 | D:8      | Noticed an orange demon
  8395 | D:8      | Noticed Amaemon
  8424 | D:7      | Killed an orange demon
  8753 | D:8      | Identified the +10 short sword of the Ageless Ultimatums
                  | {heavy, Dex+4}
  8813 | D:8      | Found a snail-covered altar of Cheibriados.
  8815 | D:8      | Found a glowing silver altar of Zin.
  8817 | D:8      | Found Piuhol's Distillery.
  8825 | D:8      | Bought 2 potions of curing for 84 gold pieces
  8825 | D:8      | Bought a potion of haste for 140 gold pieces
  8825 | D:8      | Bought a potion of curing for 42 gold pieces
  8825 | D:8      | Bought a potion of curing for 42 gold pieces
  8825 | D:8      | Bought a potion of heal wounds for 70 gold pieces
  8916 | D:8      | Found a shimmering altar of Xom.
  9091 | D:8      | Reached skill level 5 in Throwing
  9401 | D:8      | Found a hazy altar of Hepliaklqana.
  9402 | D:8      | Found a basalt altar of Yredelemnul.
  9503 | D:8      | Reached skill level 14 in Maces & Flails
  9517 | D:8      | Killed Amaemon
  9703 | D:8      | Identified a scroll of acquirement
  9703 | D:8      | Acquired 557 gold pieces
 10059 | D:9      | Reached skill level 1 in Shields
 10795 | D:9      | Noticed Harold
 10813 | D:9      | Killed Harold
 10814 | D:9      | Reached XP level 11. HP: 49/92 MP: 6/12
 11052 | D:9      | Reached skill level 5 in Shields
 11339 | D:10     | Entered Level 10 of the Dungeon
 11340 | D:10     | Noticed a two-headed ogre
 11347 | D:10     | Killed a two-headed ogre
 11367 | D:10     | You fall into a shaft and drop 1 floor!
 11393 | D:11     | Noticed a two-headed ogre
 11395 | D:11     | Noticed Mangosteen's ghost (journeyman MiBe)
 11395 | D:11     | Noticed a tengu warrior
 11396 | D:11     | Found a transporter.
 11609 | D:10     | Found a sacrificial altar of Ru.
 11812 | D:10     | Found a staircase to the Lair.
 11930 | D:10     | Noticed a two-headed ogre
 11943 | D:10     | Killed a two-headed ogre
 12138 | D:10     | Identified the +0 war axe of the Spider Nest {holy, Dex+3}
 12164 | D:10     | Found a bloodstained altar of Trog.
 12447 | Lair:1   | Entered Level 1 of the Lair of Beasts
 13924 | Lair:1   | Reached XP level 12. HP: 47/100 MP: 12/19
 14117 | Lair:1   | Reached skill level 5 in Spellcasting
 14927 | Lair:2   | Noticed a catoblepas
 15014 | Lair:2   | Killed a catoblepas
 15471 | Lair:2   | Found a staircase to the Snake Pit.
 16305 | Lair:3   | Noticed a six-headed hydra
 16318 | Lair:3   | Killed a six-headed hydra
 16380 | Lair:3   | Reached skill level 10 in Fighting
 16828 | Lair:3   | Found a staircase to the Swamp.
 17080 | Lair:3   | Noticed a fire dragon
 17119 | Lair:3   | Killed a fire dragon
 17806 | Lair:4   | Found a runed translucent door.
 17973 | Lair:4   | Reached XP level 13. HP: 103/118 MP: 17/22
 18022 | Lair:4   | Found a shimmering altar of Xom.
 18022 | Lair:4   | Noticed esper6's ghost (journeyman AtDe)
 18022 | Lair:4   | Identified the +6 halberd of Tosokigg {chaos, rElec Str-3
                  | SInv Stlth+}
 18335 | Lair:5   | Entered Level 5 of the Lair of Beasts
 18668 | Lair:5   | Found a dark tunnel.
 18776 | Volcano  | Entered a volcano
 19112 | Volcano  | Reached skill level 10 in Throwing
 19274 | Volcano  | Noticed a fire dragon
 19305 | Volcano  | Killed a fire dragon
 19775 | Lair:5   | Found a viscous altar of Jiyva.
 19775 | Lair:5   | Found a staircase to the Slime Pits.
 20026 | Lair:5   | Reached skill level 15 in Maces & Flails
 20467 | Lair:5   | Reached skill level 16 in Maces & Flails
 20467 | Lair:5   | Reached XP level 14. HP: 37/126 MP: 8/23
 20474 | Lair:5   | Reached skill level 1 in Dodging
 21713 | D:11     | Found a staircase to the Orcish Mines.
 21734 | D:11     | Found a transporter.
 22003 | D:11     | Found a bloodstained altar of Trog.
 22025 | D:11     | Reached skill level 5 in Dodging
 22118 | D:11     | Killed Mangosteen's ghost
 22373 | Orc:1    | Entered Level 1 of the Orcish Mines
 22904 | Orc:1    | Found Sebluqag's Jewellery Shop.
 23143 | Orc:1    | Found a runed translucent gate.
 23144 | Orc:1    | Found a runed translucent gate.
 23145 | Orc:1    | Found a runed translucent gate.
 23145 | Orc:1    | Noticed kernmantle's ghost (journeyman OpWn)
 23176 | Orc:1    | Identified the ring of the Rose {rN+ SInv}
 23181 | Orc:1    | Noticed an orc warlord
 23535 | D:11     | Killed an orc warlord
 23882 | Orc:1    | Killed kernmantle's ghost
 24080 | Orc:2    | Entered Level 2 of the Orcish Mines
 24647 | Orc:2    | Found a staircase to the Elven Halls.
 26314 | Orc:2    | Reached skill level 10 in Dodging
 26336 | Orc:2    | Reached skill level 1 in Evocations
 26350 | Orc:2    | Gained mutation: You have hidden genetic defects. [a
                  | neqoxec]
 26379 | Orc:2    | Lost mutation: You have hidden genetic defects. [potion of
                  | mutation]
 26379 | Orc:2    | Gained mutation: Your skin changes colour to match your
                  | surroundings (Stealth+). [potion of mutation]
 26379 | Orc:2    | Gained mutation: Your large and strong wings let you fly.
                  | [potion of mutation]
 26555 | Orc:2    | Found Hepny's Antique Armour Boutique.
 26555 | Orc:2    | Found Faomnoum's Assorted Antiques.
 26556 | Orc:2    | Found Regilali's General Store.
 26556 | Orc:2    | Found Nahaxil's Distillery.
 26563 | Orc:2    | Bought a pair of boots for 103 gold pieces
 26564 | Orc:2    | Bought the ring "Woukyod" {rF+ rC+ rN+} for 451 gold pieces
 26564 | Orc:2    | Bought a potion of attraction for 33 gold pieces
 26566 | Orc:2    | Bought a potion of curing for 42 gold pieces
 26566 | Orc:2    | Bought a potion of haste for 140 gold pieces
 26566 | Orc:2    | Bought a potion of curing for 42 gold pieces
 26566 | Orc:2    | Bought 2 potions of ambrosia for 224 gold pieces
 26568 | Orc:2    | Bought a potion of might for 92 gold pieces
 26568 | Orc:2    | Bought a potion of curing for 69 gold pieces
 26568 | Orc:2    | Bought a potion of curing for 69 gold pieces
 26815 | D:12     | Noticed Urug
 26829 | D:12     | Killed Urug
 26921 | D:12     | Reached XP level 15. HP: 114/132 MP: 22/24
 27012 | D:12     | Found Aheil's Weapon Boutique.
 27647 | D:13     | Found a frozen archway.
 27657 | D:13     | Reached skill level 5 in Evocations
 27664 | IceCv    | Entered an ice cave
 28214 | IceCv    | Identified the staff of earth "Livett" {rF- Str+2 Int+4
                  | Dex+4}
 28299 | D:13     | Identified the +5 morningstar "Ibuicvan" {heavy, Will+}
 29123 | D:14     | Noticed Azrael
 29141 | D:14     | Killed Azrael
 29324 | D:14     | Found a gate to the Vaults.
 29341 | D:14     | Slain by a vault guard

Illustrated notes

Levels and vault maps discovered:
D:1:      dpeg_arrival_round_b, layout_loops_cross
D:2:      layout_basic, ebering_ecumenical_altar_ruins
D:3:      layout_rooms, mainiacjoe_overflow_concentric_impassable,
          amcnicky_altar_gilded, portal_sewer_entry_f, corexii_hall_statues_i,
          nrook_mini_vaults, grunt_ministairs_4
D:4:      layout_basic, marbit_many_paths, uniq_menkaure, uniq_eustachio,
          uniq_pargi
D:5:      layout_loops_ring, minmay_temple_entry_statues_pillars, st_stairs_9,
          nrook_uturn, minmay_gold_behind_fungi, minmay_hedge_maze
D:6:      layout_gridville, st_stairs_12, dk_noncrumbling_2,
          nicolae_figureground_pulse, uniq_edmund, uniq_crazy_yiuf_cottage,
          uniq_prince_ribbit1
D:7:      layout_basic, enter_bailey_5, uniq_pikel, uniq_duvessa
D:8:      hellmonk_ruined_rings, layout_layer_cave,
          nicolae_overflow_hidden_temple, mainiacjoe_overflow_paths,
          lemuel_crystal_altar, serial_shops, nicolae_diamond_shop,
          minivault_14, hangedman_incinerator, uniq_amaemon
D:9:      layout_loops_ring, uniq_harold
D:10:     layout_stronghold, hangedman_ru_absence, kennysheep_little_box
D:11:     layout_roguey [special_room_orc], orc_0_dummy,
          gammafunk_ghost_wrathful_warriors
D:12:     layout_stronghold, serial_shops, shop, uniq_urug
D:13:     layout_roguey, portal_ice_cave_rime
D:14:     kennysheep_bubbly, layout_irregular_city,
          lightli_vaults_fourway_checkpoint, uniq_azrael
Lair:1:   layout_small_grid, grunt_megastairs_5, infiniplex_staircase_pool_2
Lair:2:   layout_layer_cave, minmay_snake_entry_guardpost_medium
Lair:3:   dragon1_lemuel, layout_cave_shapes, minmay_swamp_entry_wisps
Lair:4:   layout_big_grid, ebering_ghost_xom
Lair:5:   evilmike_catoblepas_cave, layout_regular_city,
          dpeg_slime_entry_enclosed, nicolae_volcano_entry_batcave
Orc:1:    layout_caves, serial_shops, nicolae_shop_advertising_works
          [nicolae_subvault_shop_adworks], biasface_ghost_orc_armoury
Orc:2:    st_orc_pillars, layout_caves

Skill      XL: |  1  2  3  4  5  6  7  8  9 10 11 12 13 14 15 |
---------------+----------------------------------------------+-----
Fighting       | 4 5 6 7 12 | 12.0
Maces & Flails | 4 5 6 8 10 13 14 16 | 16.0
Fire Magic     | 2 |  2.4
Throwing       | 2 6 7 10 | 10.2
Shields        | 4 9 |  9.5
Spellcasting   | 4 6 |  6.0
Dodging        | 10 | 10.0
Evocations     | 3 8 |  8.7

Action                     |  1- 3 |  4- 6 |  7- 9 | 10-12 | 13-15 || total
---------------------------+-------+-------+-------+-------+-------++-------
  Melee: Mace              |   115 |   173 |   207 |       |       ||   495
         Tailslap          |     9 |    25 |    60 |   160 |   249 ||   503
         Punch             |     1 |     1 |       |       |       ||     2
         Unarmed           |       |       |     8 |       |       ||     8
         Dire flail        |       |       |   222 |   168 |       ||   390
         Demon whip        |       |       |       |   853 |   231 ||  1084
         Eveningstar       |       |       |       |       |  1141 ||  1141
         Morningstar       |       |       |       |       |   118 ||   118
  Throw: Dart              |       |     2 |     3 |       |       ||     5
         Boomerang         |       |       |     3 |    22 |       ||    25
         Throwing net      |       |       |       |       |     2 ||     2
Ability: Breathe Frost     |       |       |    10 |     5 |     1 ||    16
  Evoke: Wand              |       |       |     3 |     2 |       ||     5
         Tin of tremorston |       |       |       |       |     4 ||     4
    Use: Potion            |     1 |     2 |     2 |     3 |     2 ||    10
         Scroll            |       |     8 |     4 |    18 |     7 ||    37
   Stab: Held in net/web   |       |       |       |       |     3 ||     3
         Sleeping          |       |       |       |       |     3 ||     3
         Distracted        |       |       |       |       |     2 ||     2
 Armour: Skin              |    50 |    72 |   188 |   334 |   500 ||  1144
  Dodge: Dodged            |    89 |    95 |   250 |   323 |   706 ||  1463
  Block: Kite shield       |       |       |       |   267 |   701 ||   968
